 Dungeon Crawl Stone Soup version 0.31.0-9-g3a7656b989 (webtiles) character file.

Game seed: 9679316103600238501

2261 Eitelfritz the Cleaver (level 9, -8/68 (78) HPs)
             Began as a Hill Orc Fighter on Feb 2, 2024.
             Killed by divine providence
             ... invoked by Jeremiah
              (11 damage)
             ... on level 6 of the Dungeon.
             The game lasted 00:12:36 (5411 turns).

Eitelfritz the Cleaver (Hill Orc Fighter)           Turns: 5411, Time: 00:12:36

HP:   -8/68 (78)    AC: 11    Str: 23    XL:     9   Next: 38%
MP:   9/9           EV: 11    Int:  8    God:
Gold: 203           SH:  5    Dex: 10    Spells: 8/8 levels left

rFire   + . .        a - +2 war axe (vamp)
rCold   + . .        c - +0 buckler
rNeg    . . .        E - +0 steam dragon scales
rPois   .            (no helmet)
rElec   .            k - +2 cloak
rCorr   .            v - +0 pair of gloves
SInv    .            (no boots)
Will    .....        (no amulet)
Stlth   +            o - ring of protection from cold
HPRegen 0.31/turn    A - ring of protection from fire
MPRegen 0.11/turn

%: no passive effects
@: mighty, heavily drained
A: no striking features
a: no special abilities


You were on level 6 of the Dungeon.
You visited 1 branch of the dungeon, and saw 6 of its levels.
You also visited: Ossuary.

You collected 255 gold pieces.
You spent 52 gold pieces at shops.

Inventory:

Hand Weapons
 a - a +2 vampiric war axe (weapon)
 e - a +0 morningstar
 w - a +0 arbalest
Missiles
 r - a throwing net
 y - 5 darts of dispersal
 B - 6 poisoned darts (quivered)
 F - a curare-tipped dart
Armour
 c - a +0 buckler (worn)
 k - a +2 cloak (worn)
 p - a +0 plate armour
 v - a +0 pair of gloves (worn)
 E - +0 steam dragon scales (worn)
Jewellery
 o - a ring of protection from cold (left hand)
 A - a ring of protection from fire (right hand)
Wands
 g - a wand of polymorph (11)
 C - a wand of roots (15)
Scrolls
 b - a scroll of torment {unknown}
 h - 4 scrolls of fog
 q - 2 scrolls of brand weapon
 x - 2 scrolls of teleportation
 z - a scroll of identify
 D - a scroll of vulnerability
 G - a scroll of poison {unknown}
Potions
 d - 3 potions of might
 f - a potion of berserk rage {unknown}
 i - 4 potions of heal wounds {unknown}
 j - a potion of lignification {unknown}
 l - a potion of attraction {unknown}
 m - 2 potions of resistance {unknown}
 n - 4 potions of curing
 s - a potion of haste {unknown}
 t - 3 potions of brilliance
 u - 2 potions of magic {unknown}


   Skills:
 + Level 6.8 Fighting
 + Level 11.2 Axes
 + Level 0.2 Throwing
 + Level 6.9 Armour
 + Level 2.0 Dodging
 + Level 0.1 Stealth
 + Level 5.3 Shields


You had 8 spell levels left.
You didn't know any spells.
Your spell library contained the following spells:

 Spells                   Type           Power      Damage    Failure   Level
 Apportation              Tloc           0%         N/A       45%         1
 Necrotise                Necr           0%         1d4       45%         1
 Sting                    Conj/Alch      0%         1d3       45%         1
 Summon Small Mammal      Summ           0%         N/A       45%         1
 Dazzling Flash           Conj/Hex       0%         N/A       83%         3
 Inner Flame              Hex/Fire       0%         N/A       83%         3
 Mephitic Cloud           Conj/Alch/Air  0%         N/A       83%         3
 Flame Wave               Conj/Fire      0%         2d4       99%         4
 Sticky Flame             Fire/Alch      0%         2d4       99%         4
 Curse of Agony           Necr           0%         N/A       100%        5
 Silence                  Hex/Air        0%         N/A       100%        5


Dungeon Overview and Level Annotations

Branches:
Dungeon (6/15)            Ossuary (visited)
 Temple: D:4-7

Altars:
Kikubaaqudgha
Qazlal
Sif Muna
Vehumet
Yredelemnul

Shops:
D:1 !

Annotations:
D:6 1 runed translucent door, Crazy Yiuf, Jeremiah


Message History

You miss the butterfly.
Jeremiah hits you from afar with a +3 trident of draining!
You feel drained.
* * * LOW HITPOINT WARNING * * *
You slash the butterfly!
You kill the butterfly!
The butterfly disappears in a burst of colours!
You block Jeremiah's attack.
You slash the butterfly!
You kill the butterfly!
The butterfly disappears in a burst of colours!
Jeremiah hits you from afar with a +3 trident of draining.
* * * LOW HITPOINT WARNING * * *
You feel drained.
You miss the butterfly.
The butterfly disappears in a burst of colours!
Jeremiah hits you from afar with a +3 trident of draining.
* * * LOW HITPOINT WARNING * * *
You feel drained.
* * * LOW HITPOINT WARNING * * *
You feel very mighty all of a sudden.
Jeremiah hits you from afar with a +3 trident of draining!
* * * LOW HITPOINT WARNING * * *
You feel drained.
* * * LOW HITPOINT WARNING * * *
You feel better.
Jeremiah hits you from afar with a +3 trident of draining!
* * * LOW HITPOINT WARNING * * *
You feel drained.
* * * LOW HITPOINT WARNING * * *
You slice the butterfly!!
You kill the butterfly!
The butterfly disappears in a burst of colours!
Jeremiah's eyes close briefly, then snap open.
Jeremiah barely misses you.
You closely miss the butterfly.
Jeremiah shouts, "O dreadful one, destroy my foe!"
Something smites you!
You die...
Jeremiah asks, "What happened?
Did... did you die?"

.................#
#####..#######..##
..#..............#
#.#.......####.#.#
#.#....##.# #.#.#
#.#..#.##.# #.#.#
#.#..#.##.# #.#)#
....##.##.##♣#.#.#
#.(.##.#...~~~.#@#
..<.##.###♣~~~~#b#
......b...~~~~♣#F#
..#.##.#..~~~~♣♣b#
Fb..b#....~b~~~♣b#####
..####♣...~~~≈~♣.....#
#....♣~....~≈~~†####.#
####♣~~~...~~≈~~~# #
♣~~~..~~b≈≈~~♣


You could see Jeremiah.

Vanquished Creatures
  Maggie (D:6)
  A steam dragon (D:6)
  An ogre (D:4)
  A sky beast (D:6)
  A black bear (D:6)
  A centaur (D:6)
  A kobold brigand (D:5)
  A bullfrog (D:6)
  A scorpion (D:5)
  5 water moccasin zombies (Ossuary)
  A burial acolyte (Ossuary)
  A howler monkey (D:6)
  An electric eel (D:6)
  A gnoll bouda (D:6)
  3 jellies
  A spectral scorpion (Ossuary)
  5 hounds
  5 iguanas
  2 orc priests (D:5)
  A sleepcap (D:6)
  Natasha (twice) (D:2)
  An orc wizard (D:5)
  2 crocodile zombies (Ossuary)
  2 mummies (Ossuary)
  13 adders
  A white imp (D:6)
  5 adder zombies (Ossuary)
  2 dart slugs
  2 ribbon worms
  8 orcs
  6 bats
  7 endoplasms
  3 giant cockroaches
  7 gnoll zombies (Ossuary)
  6 goblins
  7 hobgoblins
  13 jackals
  8 kobolds
  3 quokkas
  7 ball pythons
  A frilled lizard (D:1)
  6 jackal zombies (Ossuary)
  2 orc zombies (Ossuary)
  6 rats
155 creatures vanquished.

Notes
Turn   | Place    | Note
-------+----------+-------------------------------------------
     0 | D:1      | Eitelfritz the Hill Orc Fighter began the quest for the
                  | Orb.
     0 | D:1      | Reached XP level 1. HP: 19/19 MP: 1/1
   307 | D:1      | Reached XP level 2. HP: 22/27 MP: 2/2
   385 | D:1      | Reached skill level 3 in Axes
   420 | D:1      | Found Oveeceg's Distillery.
   444 | D:1      | Bought a potion of degeneration for 13 gold pieces
   492 | D:1      | Reached XP level 3. HP: 33/33 MP: 3/3
   937 | D:2      | Noticed Natasha
   947 | D:2      | Killed Natasha
   948 | D:2      | Reached XP level 4. HP: 34/41 MP: 4/4
   954 | D:2      | Noticed Natasha
   963 | D:2      | Killed Natasha
   964 | D:2      | Reached skill level 4 in Axes
  1292 | D:1      | Bought a potion of curing for 39 gold pieces
  1359 | D:3      | Reached XP level 5. HP: 46/47 MP: 5/5
  2031 | D:4      | Reached skill level 5 in Axes
  2175 | D:4      | Noticed an ogre
  2186 | D:4      | Killed an ogre
  2187 | D:4      | Reached skill level 6 in Axes
  2187 | D:4      | Reached XP level 6. HP: 9/53 MP: 6/6
  2326 | D:4      | Found a sand-covered staircase.
  2368 | Ossuary  | Entered an ossuary
  2561 | Ossuary  | Reached skill level 1 in Dodging
  2561 | Ossuary  | Reached XP level 7. HP: 60/60 MP: 7/7
  2656 | Ossuary  | Reached skill level 5 in Armour
  2712 | Ossuary  | Reached skill level 7 in Axes
  2720 | Ossuary  | Reached skill level 8 in Axes
  3008 | D:4      | Reached skill level 5 in Fighting
  3506 | D:4      | Reached XP level 8. HP: 68/68 MP: 8/8
  3563 | D:5      | Entered Level 5 of the Dungeon
  3589 | D:5      | Found a stormy altar of Qazlal.
  3589 | D:5      | Noticed a water elemental
  3590 | D:5      | Noticed an air elemental
  3613 | D:5      | Reached skill level 9 in Axes
  4195 | D:6      | Noticed Jeremiah
  4255 | D:6      | Found an ancient bone altar of Kikubaaqudgha.
  4255 | D:6      | Found a shimmering blue altar of Sif Muna.
  4257 | D:6      | Found a radiant altar of Vehumet.
  4537 | D:6      | Reached skill level 10 in Axes
  4542 | D:6      | Identified the +4 robe of Starshine {Harm Str+4 Int-5}
  4561 | D:6      | Noticed Maggie
  4575 | D:6      | Killed Maggie
  4576 | D:6      | Reached skill level 5 in Shields
  4576 | D:6      | Reached XP level 9. HP: 70/77 MP: 9/9
  4576 | D:6      | Found a basalt altar of Yredelemnul.
  5133 | D:6      | Reached skill level 11 in Axes
  5345 | D:6      | Found a runed translucent door.
  5346 | D:6      | Noticed Crazy Yiuf
  5409 | D:6      | HP: 3/68 [Jeremiah/+3 trident of draining (4)]
  5411 | D:6      | Killed from afar by Jeremiah

Illustrated notes

Levels and vault maps discovered:
D:1:      dpeg_arrival_circle_labyrinth_c, layout_basic, serial_shops,
          nicolae_shop_advertising_works [nicolae_subvault_shop_adworks]
D:2:      minmay_chambers_of_ones, layout_basic, uniq_natasha, uniq_sigmund
D:3:      layout_basic, kennysheep_generic_room_12
D:4:      layout_basic, lightli_ossuary_entry_decrepit_ruins, chequers_avenue,
          minmay_snake_closets
D:5:      layout_rooms, nicolae_qazlal_style_of_elements
D:6:      minmay_spotlight, layout_basic, grunt_temple_overflow_magic_moments,
          old_standard_altar, serial_bayou_ford_a, minmay_increasing_density,
          uniq_jeremiah, uniq_maggie, uniq_crazy_yiuf_cottage

Skill      XL: |  1  2  3  4  5  6  7  8  9 |
---------------+----------------------------+-----
Axes           | 3 4 6 8 10 11 | 11.2
Fighting       | 4 5 6 |  6.8
Armour         | 4 5 6 |  6.9
Shields        | 4 5 |  5.3
Dodging        | 1 2 |  2.0
Throwing       | |  0.2
Stealth        | |  0.1

Action                     |  1- 3 |  4- 6 |  7- 9 || total
---------------------------+-------+-------+-------++-------
  Melee: War axe           |    66 |   124 |   333 ||   523
  Throw: Dart              |       |       |     2 ||     2
    Use: Scroll            |       |     6 |     8 ||    14
         Potion            |       |       |     2 ||     2
 Armour: Scale mail        |    52 |    98 |   183 ||   333
         Steam dragon scal |       |       |    59 ||    59
  Dodge: Dodged            |    35 |    63 |   144 ||   242
  Block: Buckler           |    18 |    37 |    84 ||   139
